AA
LINCOLN SALTDOGS @ WASHINGTON WHALERS
04/26/2110
 
TOP OF THE 1ST
South Division All-Stars batting - Pitching for North Division All-Stars : RHP Bobby Kimble
Pitching: RHP Bobby Kimble
Batting: RHB Josh Smith 0-0: Foul Ball, location: 2RF
0-1: Ball
1-1: SOLO HOME RUN (Flyball, 9LD, EV 93.1 MPH), Distance : 341 ft
Batting: LHB Carlos Rosado 0-0: Ball
1-0: Ball
2-0: Swinging Strike
2-1: Swinging Strike
2-2: Strikes out swinging
Batting: LHB Denny Marshall 0-0: SOLO HOME RUN (Flyball, 9D, EV 90.0 MPH), Distance : 341 ft
Batting: RHB Steve Miles 0-0: Called Strike
0-1: Ball
1-1: Ball
2-1: Foul Ball, location: 9LMF
2-2: Foul Ball, location: 23F
2-2: Ball
3-2: Ground out 5-3 (Groundball, 56, EV 91.9 MPH)
Batting: RHB Alejandro Dias 0-0: Called Strike
0-1: Foul Ball, location: 2LF
0-2: Ball
1-2: Fly out, F4 (Popup, 4, EV 54.4 MPH)
Top of the 1st over - 2 runs, 2 hits, 0 errors, 0 left on base; South Division 2 - North Division 0
BOTTOM OF THE 1ST
North Division All-Stars batting - Pitching for South Division All-Stars : LHP Jorge Zabala
Pitching: LHP Jorge Zabala
Batting: RHB Jose Matos 0-0: Called Strike
0-1: Ball
1-1: Fly out, F7 (Flyball, 7D, EV 102.5 MPH)
Batting: RHB Adrian Ramos 0-0: Ball
1-0: Called Strike
1-1: Called Strike
1-2: Foul Ball, location: 2F
1-2: Ball
2-2: Foul Ball, location: 2F
2-2: Strikes out swinging
Batting: RHB Jamie Schexnider 0-0: Swinging Strike
0-1: Called Strike
0-2: Ball
1-2: Strikes out looking
Bottom of the 1st over - 0 runs, 0 hits, 0 errors, 0 left on base; South Division 2 - North Division 0
TOP OF THE 2ND
South Division All-Stars batting - Pitching for North Division All-Stars : RHP Bobby Kimble
Pitching: RHP David Needham
Batting: RHB Steve MacInnis 0-0: Called Strike
0-1: Called Strike
0-2: DOUBLE (Line Drive, 8RXD, EV 102.5 MPH)
Batting: RHB Mike Sterken 0-0: Ball
1-0: Foul Ball, location: 9LSF
1-1: Swinging Strike
1-2: Strikes out swinging
Batting: RHB Rob Savage 0-0: Called Strike
0-1: 2-RUN HOME RUN (Flyball, 9D, EV 93.1 MPH), Distance : 350 ft
Batting: RHB Prímio Boucinho 0-0: Fly out, F8 (Flyball, 8RM, EV 91.9 MPH)
Batting: RHB Josh Smith 0-0: Foul Ball, location: 5F
0-1: Swinging Strike
0-2: Ball
1-2: Ball
2-2: Foul Ball, location: 5FF
2-2: Ball
3-2: Foul Ball, location: 2F
3-2: Strikes out looking
Top of the 2nd over - 2 runs, 2 hits, 0 errors, 0 left on base; South Division 4 - North Division 0
BOTTOM OF THE 2ND
North Division All-Stars batting - Pitching for South Division All-Stars : LHP Jorge Zabala
Pitching: LHP Juan Reyes
Batting: RHB Raul Vara 0-0: Called Strike
0-1: Ground out 6-3 (Groundball, 6, EV 80.0 MPH)
Batting: RHB Ryan Lawrence 0-0: Ball
1-0: Ball
2-0: Ball
3-0: Foul Ball, location: 9LMF
3-1: Base on Balls
Batting: LHB Isaiah Rogers 0-0: Called Strike
0-1: Ball
1-1: Foul Ball, location: 2F
1-2: Ball
2-2: Foul Ball, location: 2F
2-2: Ball
3-2: Base on Balls
Ryan Lawrence to second
Batting: RHB Mike Davis 0-0: Called Strike
0-1: Ball
1-1: Ball
2-1: Ball
3-1: Base on Balls
Ryan Lawrence to third
Isaiah Rogers to second
Batting: RHB Jim Neely 0-0: Called Strike
0-1: Ball
1-1: Foul Ball, location: 2F
1-2: Fly out, F8 (Flyball, 89XD, EV 108.1 MPH)
Runner from 3rd tags up, SCORES, no throw by CF
Batting: RHB Ovídio Valena 0-0: SINGLE (Groundball, 4D, EV 94.4 MPH)
Isaiah Rogers to third
Mike Davis to second
Batting: RHB Jose Matos 0-0: Ball
1-0: Ball
2-0: Ball
3-0: Called Strike
3-1: Foul Ball, location: 5F
3-2: Foul Ball, location: 5F
3-2: Fly out, F9 (Flyball, 89XD, EV 106.3 MPH)
Bottom of the 2nd over - 1 run, 1 hit, 0 errors, 3 left on base; South Division 4 - North Division 1
TOP OF THE 3RD
South Division All-Stars batting - Pitching for North Division All-Stars : RHP David Needham
Pitching: LHP Jose Rios
Batting: LHB Carlos Rosado 0-0: Called Strike
0-1: Ball
1-1: Fly out, F8 (Line Drive, 8RS, EV 103.8 MPH)
Batting: LHB Denny Marshall 0-0: Swinging Strike
0-1: Ball
1-1: Ball
2-1: Called Strike
2-2: Ball
3-2: Foul Ball, location: 3FF
3-2: DOUBLE (Flyball, 8LXD, EV 105.6 MPH)
Batting: RHB Steve Miles 0-0: Ball
1-0: DOUBLE (Line Drive, 78M, EV 98.8 MPH)
Denny Marshall scores
Batting: RHB Alejandro Dias 0-0: Ball
1-0: Ball
2-0: Foul Ball, location: 9LDF
2-1: Foul Ball, location: 9LMF
2-2: Ball
3-2: Ground out 6-3 (Groundball, 6, EV 104.4 MPH)
Batting: RHB Steve MacInnis 0-0: Ball
1-0: Foul Ball, location: 2F
1-1: Foul Ball, location: 25F
1-2: Ground out 1-3 (Groundball, 23, EV 63.1 MPH)
Top of the 3rd over - 1 run, 2 hits, 0 errors, 1 left on base; South Division 5 - North Division 1
BOTTOM OF THE 3RD
North Division All-Stars batting - Pitching for South Division All-Stars : LHP Juan Reyes
Pitching: RHP Bill Gourd
Batting: RHB Adrian Ramos 0-0: Fly out, F4 (Popup, 34, EV 63.8 MPH)
Batting: RHB Jamie Schexnider 0-0: SINGLE (Flyball, 9S, EV 89.4 MPH)
Batting: RHB Raul Vara 0-0: Called Strike
0-1: Fielders Choice at 2nd, 1-6 (Groundball, 13S, EV 66.3 MPH)
Batting: RHB Ryan Lawrence 0-0: Ball
1-0: Foul Ball, location: 2F
1-1: Foul Ball, location: 2F
1-2: Strikes out swinging
Bottom of the 3rd over - 0 runs, 1 hit, 0 errors, 1 left on base; South Division 5 - North Division 1
TOP OF THE 4TH
South Division All-Stars batting - Pitching for North Division All-Stars : LHP Jose Rios
Pitching: RHP Luke Newlon
Batting: RHB Mike Sterken 0-0: Ball
1-0: Ball
2-0: Foul Ball, location: 5FF
2-1: Ball
3-1: Base on Balls
Batting: RHB Rob Savage 0-0: Ball
1-0: Called Strike
1-1: Called Strike
1-2: Foul Ball, location: 9LSF
1-2: Strikes out swinging
Batting: RHB Prímio Boucinho 0-0: Ball
1-0: Called Strike
1-1: Ball
2-1: Called Strike
2-2: SINGLE (Line Drive, 4MD, EV 93.8 MPH)
Mike Sterken to second
Pinch Hitting: SHB Jeremiah Spencer 0-0: Fly out, F8 (Line Drive, 8RS, EV 88.8 MPH)
Batting: LHB Jorge Bejines 0-0: Ball
1-0: Foul Ball, location: 7LMF
1-1: Fly out, F8 (Line Drive, 8RS, EV 88.1 MPH)
Top of the 4th over - 0 runs, 1 hit, 0 errors, 2 left on base; South Division 5 - North Division 1
BOTTOM OF THE 4TH
North Division All-Stars batting - Pitching for South Division All-Stars : RHP Bill Gourd
Pitching: RHP Ivan Amaya
Now at SS: Chris Fisher
Batting: LHB Isaiah Rogers 0-0: Called Strike
0-1: Ball
1-1: Swinging Strike
1-2: Ground out 2-3 (Groundball, 15S, EV 68.8 MPH)
Batting: RHB Mike Davis 0-0: Ball
1-0: Ball
2-0: Foul Ball, location: 9LDF
2-1: Foul Ball, location: 2F
2-2: Strikes out looking
Batting: RHB Jim Neely 0-0: Called Strike
0-1: Ball
1-1: Swinging Strike
1-2: Strikes out swinging
Bottom of the 4th over - 0 runs, 0 hits, 0 errors, 0 left on base; South Division 5 - North Division 1
TOP OF THE 5TH
South Division All-Stars batting - Pitching for North Division All-Stars : RHP Luke Newlon
Pitching: RHP Ben Sweet
Batting: LHB Denny Marshall 0-0: Called Strike
0-1: Ball
1-1: Called Strike
1-2: Strikes out swinging
Batting: RHB Steve Miles 0-0: Fly out, F8 (Flyball, 8LD, EV 99.4 MPH)
Batting: RHB Alejandro Dias 0-0: Ball
1-0: Swinging Strike
1-1: Fly out, F8 (Flyball, 8RS, EV 87.5 MPH)
Top of the 5th over - 0 runs, 0 hits, 0 errors, 0 left on base; South Division 5 - North Division 1
BOTTOM OF THE 5TH
North Division All-Stars batting - Pitching for South Division All-Stars : RHP Ivan Amaya
Pitching: LHP Matt Seay
Batting: RHB Ovídio Valena 0-0: Called Strike
0-1: Ball
1-1: Foul Ball, location: 23F
1-2: Ball
2-2: Strikes out swinging
Batting: RHB Jose Matos 0-0: Called Strike
0-1: Ball
1-1: Ball
2-1: Called Strike
2-2: Strikes out swinging
Pinch Hitting: RHB Julio Madrid 0-0: Ball
1-0: Called Strike
1-1: Foul Ball, location: 9LSF
1-2: Foul Ball, location: 25FF
1-2: Foul Ball, location: 2F
1-2: Ball
2-2: Strikes out swinging
Bottom of the 5th over - 0 runs, 0 hits, 0 errors, 0 left on base; South Division 5 - North Division 1
TOP OF THE 6TH
South Division All-Stars batting - Pitching for North Division All-Stars : RHP Ben Sweet
Pitching: RHP Rick Graves
Now at 1B: Julio Madrid
Batting: RHB Steve MacInnis 0-0: Ball
1-0: Called Strike
1-1: Foul Ball, location: 3F
1-2: SOLO HOME RUN (Flyball, 7LD, EV 90.6 MPH), Distance : 329 ft
Batting: RHB Mike Sterken 0-0: Ground out 5-3 (Groundball, 5, EV 89.4 MPH)
Pinch Hitting: LHB Alex Mendez 0-0: Ball
1-0: Called Strike
1-1: Ball
2-1: Ball
3-1: Foul Ball, location: 5F
3-2: Base on Balls
Batting: RHB Prímio Boucinho 0-0: Called Strike
0-1: Ball
1-1: Ball
2-1: Ball
3-1: Foul Ball, location: 9LMF
3-2: Fly out, F9 (Flyball, 9D, EV 101.9 MPH)
Batting: RHB Chris Fisher 0-0: Ground out 5-3 (Groundball, 56S, EV 88.8 MPH)
Top of the 6th over - 1 run, 1 hit, 0 errors, 1 left on base; South Division 6 - North Division 1
BOTTOM OF THE 6TH
North Division All-Stars batting - Pitching for South Division All-Stars : LHP Matt Seay
Pitching: RHP Ivan Velez
Now in RF: Alex Mendez
Pinch Hitting: SHB Bryce Watson 0-0: Ball
1-0: Called Strike
1-1: Called Strike
1-2: Strikes out looking
Batting: RHB Raul Vara 0-0: Ball
1-0: Fly out, F9 (Flyball, 9, EV 93.1 MPH)
Batting: RHB Ryan Lawrence 0-0: Called Strike
0-1: Fly out, F8 (Flyball, 78M, EV 95.0 MPH)
Bottom of the 6th over - 0 runs, 0 hits, 0 errors, 0 left on base; South Division 6 - North Division 1
TOP OF THE 7TH
South Division All-Stars batting - Pitching for North Division All-Stars : RHP Rick Graves
Pitching: RHP Bob Blake
Now in RF: Bryce Watson
Batting: LHB Jorge Bejines 0-0: Foul Ball, location: 2F
0-1: Ball
1-1: Ball
2-1: Ball
3-1: Base on Balls
Batting: LHB Denny Marshall 0-0: Called Strike
0-1: DOUBLE (Line Drive, 78XD, EV 105.6 MPH)
Jorge Bejines to third
Batting: RHB Steve Miles 0-0: Ball
1-0: Fly out, F9 (Flyball, 9, EV 80.0 MPH)
Batting: RHB Alejandro Dias 0-0: Called Strike
0-1: Ball
1-1: Foul Ball, location: 5FF
1-2: Fly out, F9 (Flyball, 89S, EV 80.0 MPH)
Batting: RHB Steve MacInnis 0-0: Called Strike
0-1: Ball
1-1: Ground out 6-3 (Groundball, 6M, EV 80.6 MPH)
Top of the 7th over - 0 runs, 1 hit, 0 errors, 2 left on base; South Division 6 - North Division 1
BOTTOM OF THE 7TH
North Division All-Stars batting - Pitching for South Division All-Stars : RHP Ivan Velez
Pitching: RHP Randy Larocque
Pinch Hitting: SHB Luis Preciado 0-0: Swinging Strike
0-1: Called Strike
0-2: Ball
1-2: Strikes out looking
Batting: RHB Mike Davis 0-0: Foul Ball, location: 2F
0-1: Ball
1-1: Called Strike
1-2: Ball
2-2: Strikes out looking
Batting: RHB Jim Neely 0-0: Ball
1-0: Ball
2-0: Called Strike
2-1: Ball
3-1: Foul Ball, location: 5F
3-2: SINGLE (Line Drive, 7S, EV 96.3 MPH)
Batting: RHB Ovídio Valena 0-0: Ball
1-0: Called Strike
1-1: Ball
2-1: Called Strike
2-2: Ball
3-2: Foul Ball, location: 5FF
3-2: Foul Ball, location: 3DF
3-2: Strikes out swinging
Bottom of the 7th over - 0 runs, 1 hit, 0 errors, 1 left on base; South Division 6 - North Division 1
TOP OF THE 8TH
South Division All-Stars batting - Pitching for North Division All-Stars : RHP Bob Blake
Pitching: RHP Carlos Santana
Now at 2B: Luis Preciado
Batting: RHB Mike Sterken 0-0: Ground out 5-3 (Groundball, 56, EV 100.6 MPH)
Batting: LHB Alex Mendez 0-0: Ball
1-0: Foul Ball, location: 2F
1-1: Swinging Strike
1-2: Ball
2-2: Strikes out swinging
Batting: RHB Prímio Boucinho 0-0: Called Strike
0-1: Fly out, F8 (Flyball, 8RXD, EV 77.5 MPH)
Top of the 8th over - 0 runs, 0 hits, 0 errors, 0 left on base; South Division 6 - North Division 1
BOTTOM OF THE 8TH
North Division All-Stars batting - Pitching for South Division All-Stars : RHP Randy Larocque
Pitching: LHP Ed Ford
Batting: RHB Jose Matos 0-0: Ball
1-0: SOLO HOME RUN (Flyball, 89XD, EV 99.4 MPH), Distance : 394 ft
Batting: RHB Julio Madrid 0-0: Foul Ball, location: 23F
0-1: Ball
1-1: Called Strike
1-2: Foul Ball, location: 2F
1-2: Ball
2-2: SINGLE (Line Drive, 89M, EV 98.8 MPH)
Batting: SHB Bryce Watson 0-0: Swinging Strike
0-1: Ball
1-1: Swinging Strike
1-2: Strikes out looking
Batting: RHB Raul Vara 0-0: Swinging Strike
0-1: Foul Ball, location: 2F
0-2: Ball
1-2: Grounds into double play, 5-4-3 (Groundball, 5, EV 90.6 MPH)
Bottom of the 8th over - 1 run, 2 hits, 0 errors, 0 left on base; South Division 6 - North Division 2
TOP OF THE 9TH
South Division All-Stars batting - Pitching for North Division All-Stars : RHP Carlos Santana
Batting: RHB Chris Fisher 0-0: Ball
1-0: Called Strike
1-1: SINGLE (Groundball, 34D, EV 108.1 MPH)
Batting: LHB Jorge Bejines 0-0: Ball
1-0: Foul Ball, location: 3F
1-1: Called Strike
1-2: Ball
2-2: Ball
3-2: SINGLE (Groundball, 34D, EV 102.5 MPH)
Chris Fisher to second
Batting: LHB Denny Marshall 0-0: Foul Ball, location: 25F
0-1: Swinging Strike
0-2: Strikes out looking
Batting: RHB Steve Miles 0-0: Ball
Chris Fisher steals 3rd, throwing error, E2
Chris Fisher scores
Jorge Bejines to third
1-0: Called Strike
1-1: SINGLE (Line Drive, 9LS, EV 91.3 MPH)
Jorge Bejines scores
Batting: RHB Alejandro Dias 0-0: Ball
1-0: Ball
2-0: Foul Ball, location: 2F
2-1: Ball
3-1: Called Strike
3-2: Fly out, F3 (Popup, 3F, EV 76.3 MPH)
Batting: RHB Steve MacInnis 0-0: Ball
1-0: Called Strike
1-1: Foul Ball, location: 2F
1-2: Fly out, F8 (Line Drive, 8RM, EV 83.8 MPH)
Top of the 9th over - 2 runs, 3 hits, 1 error, 1 left on base; South Division 8 - North Division 2
BOTTOM OF THE 9TH
North Division All-Stars batting - Pitching for South Division All-Stars : LHP Ed Ford
Pitching: RHP Rafael Mendiola
Pinch Hitting: RHB Clint Roth 0-0: Foul Ball, location: 2F
0-1: Foul Ball, location: 2F
0-2: Strikes out swinging
Batting: SHB Luis Preciado 0-0: Ball
1-0: Ground out 5-3 (Groundball, 56S, EV 77.5 MPH)
Batting: RHB Mike Davis 0-0: Called Strike
0-1: Ball
1-1: Ground out 6-3 (Groundball, 6, EV 105.0 MPH)
Bottom of the 9th over - 0 runs, 0 hits, 0 errors, 0 left on base; South Division 8 - North Division 2
Tuesday, May 27th , 2025 - OOTP Baseball 26.3 Build 55